 Dungeon Crawl Stone Soup version 0.25-a0-731-g0472a16d6a (webtiles) character file.

Game seed: 4769115598512626185, levelgen mode: deterministic

903 kae the Destroyer (level 8, -5/41 HPs)
             Began as a Tengu Air Elementalist on Apr 8, 2020.
             Was an Initiate of Vehumet.
             Slain by a wyvern skeleton (11 damage)
             ... on level 6 of the Dungeon.
             The game lasted 00:06:19 (4661 turns).

kae the Destroyer (Tengu Air Elementalist)          Turns: 4661, Time: 00:06:19

Health: -5/41      AC:  2    Str:  9    XL:     8   Next: 7%
Magic:  12/15      EV: 15    Int: 17    God:    Vehumet [......]
Gold:   216        SH:  0    Dex: 15    Spells: 5/15 levels left

rFire    . . .     SeeInvis .   (no weapon)
rCold    + . .     Gourm    .   (no shield)
rNeg     . . .     Faith    .   b - +0 robe {MR+}
rPois    +         Spirit   .   (helmet restricted)
rElec    .         Reflect  .   (no cloak)
rCorr    .         Harm     .   (no gloves)
MR       +....                  (boots unavailable)
Stlth    ++........             e - amulet of regeneration
HPRegen  0.53/turn              r - ring of protection from cold
MPRegen  0.14/turn              q - ring of poison resistance

@: flying quickly and evasively, quick
A: beak, talons 3, able to fly
a: Stop Flying, Renounce Religion


You were on level 6 of the Dungeon.
You worshipped Vehumet.
Vehumet was noncommittal.
You were hungry.

You visited 2 branches of the dungeon, and saw 7 of its levels.

You collected 216 gold pieces.

Inventory:

Armour
 b - a +0 robe of magic resistance (worn)
Jewellery
 e - an amulet of regeneration (around neck)
 f - an uncursed ring of protection from fire
 j - an uncursed amulet of the gourmand {unknown}
 n - a +6 ring of protection {unknown}
 q - a ring of poison resistance (right hand)
 r - a ring of protection from cold (left hand)
Wands
 a - a wand of paralysis (11)
Scrolls
 g - 4 scrolls of identify
 i - 2 scrolls of remove curse
 k - 3 scrolls of teleportation
 l - a scroll of fog
 p - a scroll of amnesia
 s - a scroll of blinking
Potions
 d - a potion of degeneration
 h - a potion of flight
 m - a potion of brilliance
Comestibles
 c - 15 rations


   Skills:
 - Level 2.1 Dodging
 - Level 2.0 Stealth
 + Level 4.4 Spellcasting
 * Level 8.3 Conjurations
 + Level 7.1 Air Magic


You had 5 spell levels left.
You knew the following spells:

 Your Spells              Type           Power        Failure   Level  Hunger
a - Shock                 Conj/Air       ####         1%          1    None
b - Static Discharge      Conj/Air       ####....     1%          3    ###....
c - Airstrike             Air            ####......   9%          4    ####...
d - Swiftness             Chrm/Air       ###.....     5%          2    ##.....

Your spell library contained the following spells:

 Spells                   Type           Power        Failure   Level  Hunger
 Lightning Bolt           Conj/Air       ####......   17%         5    ######.


Dungeon Overview and Level Annotations

Branches:
Dungeon (6/15)             Temple (1/1) D:5

Altars:
Cheibriados
Dithmenos
Elyvilon
Fedhas
Hepliaklqana
Makhleb
Qazlal
Ru
Sif Muna
Trog
Uskayaw
Vehumet
Wu Jian
Xom
Zin
The Shining One
Lugonu

Shops:
D:5 (

Annotations:
D:3 1 runed translucent door


Innate Abilities, Weirdness & Mutations

You have a beak for a mouth.
You have claws for feet.
You can fly continuously.


Message History

The iguana bites you.
You closely miss the iguana. The wyvern skeleton bites you!
The iguana misses you.
You hit the iguana but do no damage. You claw the iguana, but do no damage.
Your peck misses the iguana. The wyvern skeleton closely misses you.
The iguana misses you.
You hit the iguana but do no damage. Your peck misses the iguana.
The wyvern skeleton bites you! The iguana misses you.
The wyvern skeleton misses you.
Casting: Shock (safe; 1% risk of failure)
Confirm with . or Enter, or press ? or * to list all spells.
The iguana is struck by an arc of lightning!
The iguana is heavily wounded.
You are struck by an arc of lightning.
The wyvern skeleton is struck by an arc of lightning.
The wyvern skeleton is lightly damaged.
The lightning grounds out.
The iguana bites you!
* * * LOW HITPOINT WARNING * * *
The wyvern skeleton bites you!
You die...

### ...
##########.##
########...........#
.........######@...#
##......# #l.Z......
#.###.## ##...####.
.###.###.# ##....
.........# .####
####.##### .# #.# +#
#.# #.####


You could see an iguana and a wyvern skeleton.

Vanquished Creatures
  Sigmund (D:4)
  An ogre (D:5)
  A crimson imp (D:5)
  2 orc priests (D:5)
  4 hounds
  An orc wizard (D:5)
  A bullfrog skeleton (D:4)
  A gnoll shaman (D:4)
  2 iguanas (D:5)
  Natasha (thrice) (D:2)
  A worker ant (D:4)
  A worker ant zombie (D:5)
  5 adders
  5 gnolls
  An adder skeleton (D:5)
  5 worms
  4 dart slugs
  A leopard gecko (D:1)
  16 orcs
  5 giant cockroaches
  4 goblins
  10 hobgoblins
  3 jackals
  A ball python (D:1)
  2 bats
  10 frilled lizards
  A jackal skeleton (D:5)
  4 kobolds
  A leopard gecko skeleton (D:4)
  5 rats
102 creatures vanquished.

Notes
Turn   | Place    | Note
-------+----------+-------------------------------------------
     0 | D:1      | kae the Tengu Air Elementalist began the quest for the Orb.
     0 | D:1      | Reached XP level 1. HP: 10/10 MP: 4/4
   120 | D:1      | Reached skill level 2 in Conjurations
   145 | D:1      | Reached XP level 2. HP: 6/15 MP: 1/6
   447 | D:1      | Reached XP level 3. HP: 10/19 MP: 0/7
   646 | D:1      | Reached skill level 3 in Conjurations
   988 | D:2      | Found a burning altar of Makhleb.
   995 | D:2      | Reached XP level 4. HP: 10/24 MP: 0/8
  1095 | D:2      | Found a shimmering blue altar of Sif Muna.
  1131 | D:2      | Noticed Natasha
  1146 | D:2      | Killed Natasha
  1146 | D:2      | Reached skill level 4 in Conjurations
  1239 | D:2      | Found a blossoming altar of Fedhas.
  1277 | D:2      | Reached skill level 5 in Air Magic
  1484 | D:2      | Gained mutation: You can fly continuously. [Tengu growth]
  1484 | D:2      | Reached XP level 5. HP: 28/28 MP: 4/10
  1526 | D:2      | Noticed Natasha
  1544 | D:2      | Killed Natasha
  1801 | D:2      | Noticed Natasha
  1812 | D:2      | Killed Natasha
  1812 | D:2      | Reached skill level 5 in Conjurations
  1979 | D:2      | Learned a level 3 spell: Static Discharge
  1984 | D:2      | Learned a level 4 spell: Airstrike
  1987 | D:2      | Learned a level 2 spell: Swiftness
  2061 | D:3      | Reached XP level 6. HP: 24/32 MP: 0/11
  2336 | D:3      | Found an ornate altar of the Wu Jian Council.
  2438 | D:3      | You are sucked into a shaft and drop 1 floor!
  2524 | D:3      | Found a snail-covered altar of Cheibriados.
  2655 | D:3      | Noticed an angel
  2656 | D:3      | Found a glowing golden altar of the Shining One.
  2667 | D:3      | Found a runed translucent door.
  2830 | D:4      | Noticed Sigmund
  2891 | D:4      | Reached skill level 6 in Conjurations
  2987 | D:4      | Killed Sigmund
  2987 | D:4      | Reached XP level 7. HP: 14/36 MP: 11/13
  3329 | D:4      | Reached skill level 7 in Conjurations
  3413 | D:5      | Entered Level 5 of the Dungeon
  3584 | D:5      | Found Kifrelen's Weapon Shop.
  3649 | D:5      | Found a stormy altar of Qazlal.
  3933 | D:5      | Reached skill level 8 in Conjurations
  4066 | D:5      | Reached XP level 8. HP: 38/41 MP: 5/15
  4219 | D:5      | Found a shimmering altar of Xom.
  4284 | D:5      | Found a staircase to the Ecumenical Temple.
  4514 | Temple   | Entered the Ecumenical Temple
  4552 | Temple   | Became a worshipper of Vehumet
  4661 | D:6      | Slain by a wyvern skeleton

Levels and vault maps discovered:
D:1:      sevenhm_arrival_forest_fort_small_5, layout_rooms
D:2:      minmay_angry_zag, layout_loops_cross, overflow_temple_1_default,
          makhleb_heckhound_becter, overflow_temple_1_default,
          minmay_lizard_pond, uniq_natasha
D:3:      layout_rooms, lemuel_doored_altar, lemuel_coloured_pillars_altar,
          serial_forest, infiniplex_forest_lined_2, lemuel_angel_altar
D:4:      layout_loops_ring, uniq_sigmund
D:5:      layout_rooms, marbit_many_paths, overflow_temple_1_default,
          lemuel_temple_firewalk_a, first_ration, serial_shops,
          nicolae_shop_competitors_out_of_business, corexii_shack, fountainhead
D:6:      layout_loops_corners, okawaru_altar_gauntlet_db,
          nemelex_xobeh_ov_fountains_minmay, nicolae_elemental_shop,
          uniq_duvessa
Temple:   corrupted_temple

Skill      XL: |  1  2  3  4  5  6  7 |
---------------+----------------------+-----
Conjurations   | 2 3 4 5 6 8 |  8.3
Air Magic      | 5 6 7 |  7.1
Spellcasting   | 3 4 |  4.4
Dodging        | |  2.1
Stealth        | |  2.0

Action                   |  1- 3 |  4- 6 |  7- 9 || total
-------------------------+-------+-------+-------++-------
Melee: Unarmed           |    14 |    44 |    30 ||    88
       Kick              |     4 |     9 |    10 ||    23
       Peck              |       |     2 |     2 ||     4
 Cast: Shock             |    58 |   107 |    93 ||   258
       Static Discharge  |       |     3 |     3 ||     6
       Airstrike         |       |       |     2 ||     2
 Abil: Fly               |       |     1 |       ||     1
  Use: Scroll            |       |    12 |       ||    12
       Potion            |       |     5 |     1 ||     6
 Stab: Sleeping          |       |     2 |       ||     2
  Eat: Chunk             |       |     8 |     4 ||    12
Armor: Robe              |     3 |    11 |     5 ||    19
Dodge: Dodged            |    20 |    63 |    40 ||   123

Table legend:
 A = Non-vault XP
 B = Vault XP
 C = Vault XP percentage of total XP
 D = Non-vault monster count
 E = Vault monster count
 F = Vault count percentage of total count
                 A         B        C        D         E       F
            +---------+---------+-------+---------+---------+-------
      Total |     960 |     331 |  25.6 |      87 |      15 |  14.7
            +---------+---------+-------+---------+---------+-------
        D:1 |      44 |       0 |   0.0 |      16 |       0 |   0.0
        D:2 |     114 |     108 |  48.6 |      19 |      12 |  38.7
        D:3 |     141 |       0 |   0.0 |      19 |       0 |   0.0
        D:4 |     176 |     208 |  54.2 |      10 |       1 |   9.1
        D:5 |     485 |      15 |   3.0 |      23 |       2 |   8.0
            +---------+---------+-------+---------+---------+-------
